Dins, lawful male dwarven Archeologist ------------ ----- |...........# |...| +..........|# ----- |.*.| ------------ |..<.......|# |....# |...| |........%..| |......{...|# #####....| |...| ##..........>.| ------------# # ..|)|# |!..| # |...........| # |%...# |....#### # ...........| # -.-.-# ---.- #### ------------ # ####### # ### # ## ## # # #### # ### ### ## # # # #---|------- # # ### #|.........| ### # # ---------- |.........| # --------------# ### |......j.| |.......... ###|............-# # |....k...| |.........| #...*.........| ##.@.......| ----------- |............| ---------- -------------- Dins the Digger Experience level: 1 Strength: 12 Dexterity: 8 Constitution: 14 Intelligence: 15 Wisdom: 16 Charisma: 10 Health: 15(15) Energy: 1(1) Def: 1 Gold: 147 Moves: 183 Dungeon seed: _vOsxCo41tktLTrP Game ID: Dins_1528903305 Your Inventory: Coins $ - 147 gold pieces Weapons a - an uncursed +2 bullwhip h - an uncursed +0 boomerang (in quiver) Armor e - an uncursed +0 leather jacket (being worn) n - an uncursed +0 fedora (being worn) Comestibles b - 5 uncursed food rations Wands d - an uncursed wand of light (0:14) i - an uncursed wand of undead turning (0:5) Tools c - an uncursed +0 pick-axe (weapon in hand) f - an uncursed sack g - an uncursed tin opener Gems q - an uncursed touchstone Spells and supernatural/magical abilities: Name Level Category Fail Memory W - pray for help -- divine ? -- Your skills at the end: Miscellaneous Skills wands [Basic] Weapon Skills pick-axe [Basic] boomerang [Basic] whip [Basic] Spellcasting Skills Final Attributes: You were fervently aligned. You had infravision. You were very stealthy. You were fast. You survived. Vanquished creatures: a coyote 2 bats 3 creatures vanquished. Voluntary challenges: You went without food. You did not adorn yourself with jewelry or accessories. You did not cause conflict. You were not invisible. You did not have reflection. You were not displaced. You were an atheist. You used a wielded weapon 3 times, starting on turn 51. You did not use containers. You did not apply a unicorn horn. You did not use plumbed fixtures. You did not drink any magical draughts. You were illiterate. You never genocided any monsters. You never polymorphed an object. You never changed form. You used no wishes. You never split a pudding. You never wrote Elbereth's name. You never violated your personal moral code. Dungeon overview: The Dungeons of Doom: levels 1 to 4 Level 1 a long staircase Level 2 a general store Level 3 Level 4 <- You were here a fountain History has recorded: On T:1 you entered the Dungeons of Doom to retrieve the Amulet of Yendor! On T:6 you reached level 2 of The Dungeons of Doom. On T:13 you reached level 3 of The Dungeons of Doom. On T:19 you reached level 4 of The Dungeons of Doom. Score breakdown: Gold: 147 ( 14 points) Experience: 1 level ( 0 points) Exploration: 4 levels ( 90 points) Discoveries: 0 items ( 0 points) Variety of kills: 2 monsters ( 100 points) Major goal: (nothing yet) ( 0 points) Survival: quit (score multiplied by 3) Total score: 612 Latest messages: You start digging. You hit the rock with all your might. You make an opening in the wall. You kill the bat! You see here a food ration. You kill the bat! The door opens. $ - 86 gold pieces. You start digging. You hit the rock with all your might. You hear the chime of a cash register. You succeed in cutting away some rock. You see here a food ration. You hear someone cursing shoplifters. You see here 8 arrows. (2x) You see here 8 rocks. The door opens. You start digging. You hit the rock with all your might. You succeed in cutting away some rock. You start digging. You hit the rock with all your might. You succeed in cutting away some rock. You start digging. You hit the rock with all your might. You break through a secret door! Final status: Goodbye Dins the Archeologist, quit... You quit in The Dungeons of Doom on dungeon level 4 with 612 points, and 147 pieces of gold, after 183 moves. You were level 1 with a maximum of 15 hit points when you quit.